Stars vs Blue Jackets
Created - 19 novembre 2013 at 19:03
Goals
|
| Stars |
1 |
0 |
0 |
0 |
2 |
2 |
| Blue Jackets |
0 |
0 |
1 |
0 |
1 |
1 |
|
Shots
|
| Stars |
5 |
11 |
18 |
0 |
4 |
34 |
| Blue Jackets |
6 |
10 |
12 |
1 |
4 |
29 |
|
1st period
1. Stars , Michael Rupp 1 (Scott Walker) at 19:42 (SH)
Penalties :
Matthew Spiller (Dal) for Hooking (Minor) at 15:03, Brian Pothier (Dal) for Holding (Minor) at 19:00
2nd period
No Goal
Penalties :
Greg Campbell (Clb) for Hooking (Minor) at 5:04, Pavel Bure (Clb) for Hooking (Minor) at 9:12
3rd period
2. Blue Jackets , Jason Ward 2 (Derek Morris, Marcus Nilson) at 9:39
Penalties :
Branislav Mezei (Clb) for Interference (Minor) at 0:04, Wade Redden (Clb) for Roughing (Minor) at 17:00
Overtime #1
No Goal
Penalties :
No Penalty
Shootout
Penalty Shot by Alexei Morozov for Stars - Stopped by Miika Kiprusoff
Penalty Shot by Marc Savard for Blue Jackets - Stopped by Pascal Leclaire
Penalty Shot by Jan Hlavac for Stars - Goal!
Penalty Shot by Pavel Bure for Blue Jackets - Stopped by Pascal Leclaire
Penalty Shot by Shane Doan for Stars - Stopped by Miika Kiprusoff
Penalty Shot by Jan Bulis for Blue Jackets - Goal!
Penalty Shot by Cory Stillman for Stars - Goal!
Penalty Shot by David Booth for Blue Jackets - Shot Misses the Net
Penalties :
No Penalty
Goalie Stats
Pascal Leclaire (Dal), 28 saves from 29 shots - (0,966), W, 8-4-0, 65:00 minutes
Miika Kiprusoff (Clb), 33 saves from 34 shots - (0,971), OTL, 3-7-2, 65:00 minutes
Players Stats for Stars
Player Name G A P +/- PIM S H SB GA TA FO MP PP MP PK MP
------------------------------------------------------------------------------------
Alexei Morozov 0 0 0 0 0 3 1 1 1 0 0/0 22:35 4:40 0:00
Antoine Vermette 0 0 0 0 0 3 2 2 0 0 6/11 19:12 3:16 0:30
Brendan Bell 0 0 0 1 0 3 3 4 2 1 0/0 19:40 3:46 0:55
Brian Gionta 0 0 0 0 0 1 0 0 0 0 0/0 11:19 0:00 0:00
Brian Pothier 0 0 0 0 2 1 0 2 1 1 0/0 20:08 3:46 0:23
Cory Stillman 0 0 0 0 0 0 0 0 1 0 0/0 18:22 4:40 2:26
David Legwand 0 0 0 0 0 10 0 1 0 0 14/32 22:35 4:40 0:00
Francis Bouillon 0 0 0 1 0 0 1 0 1 0 0/0 18:33 0:00 0:50
Jan Hlavac 0 0 0 -1 0 2 1 0 0 0 1/1 9:19 0:00 0:30
Marty Reasoner 0 0 0 -1 0 1 1 0 0 0 4/7 11:03 0:00 2:26
Matthew Spiller 0 0 0 -1 2 0 2 2 0 0 0/0 29:03 4:10 1:55
Michael Rupp 1 0 1 1 0 3 3 0 0 1 7/10 11:51 0:00 1:02
Milan Michalek 0 0 0 0 0 1 0 0 0 0 0/2 12:58 0:00 0:00
Patrik Elias 0 0 0 0 0 1 2 1 0 0 0/1 18:41 3:16 0:00
Pavel Kubina 0 0 0 -1 0 3 1 2 1 0 0/0 30:10 4:10 3:08
Randy Jones 0 0 0 0 0 0 0 0 0 0 0/0 12:25 0:00 0:45
Scott Walker 0 1 1 0 0 0 0 0 0 0 0/0 9:39 0:00 1:02
Shane Doan 0 0 0 0 0 2 2 1 0 0 1/1 18:27 3:16 0:00
Players Stats for Blue Jackets
Player Name G A P +/- PIM S H SB GA TA FO MP PP MP PK MP
------------------------------------------------------------------------------------
A.J Thelen 0 0 0 0 0 1 0 1 0 1 0/0 14:13 0:00 2:00
Ales Kotalik 0 0 0 0 0 5 1 0 0 1 1/2 14:09 1:41 0:00
Andrew Ebbett 0 0 0 1 0 1 3 0 0 0 2/6 13:30 0:09 0:56
Ben Guite 0 0 0 0 0 1 1 0 0 1 0/0 7:38 0:00 0:00
Brad Stuart 0 0 0 0 0 0 0 0 0 0 0/0 12:36 0:00 0:00
Branislav Mezei 0 0 0 0 2 1 3 2 1 1 0/0 28:45 2:49 3:20
David Booth 0 0 0 -1 0 3 3 3 0 0 2/2 22:28 2:16 3:13
Derek Morris 0 1 1 0 0 0 1 1 1 1 0/0 22:56 1:09 3:52
Greg Campbell 0 0 0 0 2 2 0 0 0 0 1/2 7:49 0:00 0:00
Jan Bulis 0 0 0 0 0 2 2 1 0 0 5/13 16:42 1:41 1:30
Jason Ward 1 0 1 1 0 1 0 1 0 0 0/1 13:34 0:00 1:21
Kevin Bieksa 0 0 0 0 0 0 0 3 0 1 0/0 22:56 1:09 3:52
Ladislav Nagy 0 0 0 1 0 1 1 0 0 0 0/0 13:31 0:08 0:11
Marc Savard 0 0 0 -1 0 4 3 1 0 0 15/33 25:43 2:09 4:54
Marcus Nilson 0 1 1 0 0 1 0 1 0 0 1/1 14:09 1:41 0:00
Michael Frolik 0 0 0 0 0 1 0 0 0 0 0/0 7:38 0:00 0:00
Pavel Bure 0 0 0 -1 2 2 0 0 1 0 5/5 25:01 2:09 3:47
Wade Redden 0 0 0 0 2 3 1 1 0 1 0/0 28:42 2:49 2:48
3 Stars
1 - Miika Kiprusoff (Clb)
2 - Pascal Leclaire (Dal)
3 - Michael Rupp (Dal)
Power Play
Stars - 0 on 4 Attempt(s) - 0,00%
Blue Jackets - 0 on 2 Attempt(s) - 0,00%
Penalty Kill
Stars - 2 on 2 Attempt(s) - 100,00%
- Score 1 goal in Penalty Kill
Blue Jackets - 4 on 4 Attempt(s) - 100,00%
- Score 0 goal in Penalty Kill
Official
Referees : O'Rourke Dan and Hasenfratz Mike
Linesman : Brad Kovachik and Shane Heyer
Game Notes
Andrew Ebbett is injured at 1:32 of 1st overtime period (Back Spasms)
Finance
Level 1 -- Attendance: 4858 (80,97%) -- Ticket Income 437 220 $
Level 2 -- Attendance: 3479 (69,58%) -- Ticket Income 191 345 $
Level 3 -- Attendance: 1723 (86,15%) -- Ticket Income 51 690 $
Level 4 -- Attendance: 3612 (90,30%) -- Ticket Income 72 240 $
Luxury Box -- Attendance: 736 (73,60%) -- Ticket Income 136 160 $
Game was played at the Ohio State Arena
Total Attendance: 14408 (80,04%)
Total Ticket Income: 888 655 $
Other Income: 133 298 $
Total Income: 1 021 953 $
Stars
5 vs 5 Forward
Center Left Wing Right Wing Time % Phy DF OF
1 David Legwand Patrik Elias Alexei Morozov 40 1 2 2
2 Antoine Vermette Milan Michalek Shane Doan 30 1 2 2
3 Michael Rupp Cory Stillman Brian Gionta 20 1 2 2
4 Marty Reasoner Jan Hlavac Scott Walker 10 1 2 2
5 vs 5 Defense
Defense Defense Time % Phy DF OF
1 Pavel Kubina Matthew Spiller 40 1 2 2
2 Brian Pothier Francis Bouillon 30 1 2 2
3 Randy Jones Brendan Bell 20 1 2 2
4 Pavel Kubina Matthew Spiller 10 1 2 2
PowerPlay Forward
Center Left Wing Right Wing Time % Phy DF OF
1 David Legwand Cory Stillman Alexei Morozov 60 1 2 2
2 Antoine Vermette Patrik Elias Shane Doan 40 1 2 2
PowerPlay Defense
Defense Defense Time % Phy DF OF
1 Pavel Kubina Matthew Spiller 60 1 2 2
2 Brian Pothier Brendan Bell 40 1 2 2
Penalty Kill 4 Players Forward
Center Wing Time % Phy DF OF
1 Marty Reasoner Cory Stillman 60 1 2 2
2 Michael Rupp Scott Walker 40 1 2 2
Penalty Kill 4 Players Defense
Defense Defense Time % Phy DF OF
1 Pavel Kubina Matthew Spiller 60 1 2 2
2 Brendan Bell Francis Bouillon 40 1 2 2
Penalty Kill - 3 Players Forward
Forward Time % Phy DF OF
1 Marty Reasoner 60 1 2 2
2 David Legwand 40 1 2 2
Penalty Kill - 3 Players Defense
Defense Defense Time % Phy DF OF
1 Pavel Kubina Matthew Spiller 60 1 2 2
2 Brendan Bell Francis Bouillon 40 1 2 2
4 vs 4 Forward
Center Wing Time % Phy DF OF
1 David Legwand Alexei Morozov 60 1 2 2
2 Antoine Vermette Shane Doan 40 1 2 2
4 vs 4 Defense
Defense Defense Time % Phy DF OF
1 Pavel Kubina Matthew Spiller 60 1 2 2
2 Brendan Bell Francis Bouillon 40 1 2 2
Last Minutes Offensive
Center Left Wing Right Wing Defense Defense
David Legwand Patrik Elias Alexei Morozov Pavel Kubina Brian Pothier
Last Minutes Defensive
Center Left Wing Right Wing Defense Defense
Marty Reasoner Cory Stillman Scott Walker Randy Jones Matthew Spiller
Goaltenders
Starting : Pascal Leclaire
Backup : Vesa Toskala
Extra Forwards
Normal : Shane Doan, Antoine Vermette, Patrik Elias - PP : Alexei Morozov, Shane Doan - PK : Cory Stillman
Extra Defensemen
Normal : Pavel Kubina, Matthew Spiller, Francis Bouillon - PP : Pavel Kubina - PK : Matthew Spiller, Randy Jones
Penalty Shots
Alexei Morozov, Jan Hlavac, Shane Doan, Cory Stillman, Milan Michalek
Blue Jackets
5 vs 5 Forward
Center Left Wing Right Wing Time % Phy DF OF
1 Marc Savard David Booth Pavel Bure 40 1 2 2
2 Jan Bulis Marcus Nilson Ales Kotalik 30 1 2 2
3 Andrew Ebbett Ladislav Nagy Jason Ward 20 1 2 2
4 Greg Campbell Michael Frolik Ben Guite 10 1 2 2
5 vs 5 Defense
Defense Defense Time % Phy DF OF
1 Wade Redden Branislav Mezei 40 1 2 2
2 Kevin Bieksa Derek Morris 30 1 2 2
3 Brad Stuart A.J Thelen 20 1 2 2
4 Wade Redden Branislav Mezei 10 1 2 2
PowerPlay Forward
Center Left Wing Right Wing Time % Phy DF OF
1 Marc Savard David Booth Pavel Bure 60 1 2 2
2 Jan Bulis Marcus Nilson Ales Kotalik 40 1 2 2
PowerPlay Defense
Defense Defense Time % Phy DF OF
1 Wade Redden Branislav Mezei 60 1 2 2
2 Kevin Bieksa Derek Morris 40 1 2 2
Penalty Kill 4 Players Forward
Center Wing Time % Phy DF OF
1 Marc Savard Pavel Bure 60 1 2 2
2 Jan Bulis David Booth 40 1 2 2
Penalty Kill 4 Players Defense
Defense Defense Time % Phy DF OF
1 Wade Redden Branislav Mezei 60 1 2 2
2 Kevin Bieksa Derek Morris 40 1 2 2
Penalty Kill - 3 Players Forward
Forward Time % Phy DF OF
1 Marc Savard 60 1 2 2
2 Pavel Bure 40 1 2 2
Penalty Kill - 3 Players Defense
Defense Defense Time % Phy DF OF
1 Wade Redden Branislav Mezei 60 1 2 2
2 Kevin Bieksa Derek Morris 40 1 2 2
4 vs 4 Forward
Center Wing Time % Phy DF OF
1 Marc Savard Pavel Bure 60 1 2 2
2 Jan Bulis David Booth 40 1 2 2
4 vs 4 Defense
Defense Defense Time % Phy DF OF
1 Wade Redden Branislav Mezei 60 1 2 2
2 Kevin Bieksa Derek Morris 40 1 2 2
Last Minutes Offensive
Center Left Wing Right Wing Defense Defense
Marc Savard David Booth Pavel Bure Wade Redden Branislav Mezei
Last Minutes Defensive
Center Left Wing Right Wing Defense Defense
Marc Savard David Booth Pavel Bure Wade Redden Branislav Mezei
Goaltenders
Starting : Miika Kiprusoff
Backup : Jaroslav Halak
Extra Forwards
Normal : Andrew Ebbett, Ladislav Nagy, Jason Ward - PP : Andrew Ebbett, Ladislav Nagy - PK : Jason Ward
Extra Defensemen
Normal : Brad Stuart, A.J Thelen, Kevin Bieksa - PP : Brad Stuart - PK : A.J Thelen, Kevin Bieksa
Penalty Shots
Marc Savard, Pavel Bure, Jan Bulis, David Booth, Ales Kotalik
% Time on Ice - Stars
Lines # - Real PCT - Wanted PCT - Time Play
Normal Forward
1 - 33% - 40% - 15:41
2 - 27% - 30% - 12:59
3 - 22% - 20% - 10:49
4 - 18% - 10% - 8:37
Normal Defense
1 - 38% - 40% - 18:14
2 - 34% - 30% - 16:20
3 - 24% - 20% - 11:40
4 - 4% - 10% - 1:52
PP Forward
1 - 59% - 60% - 4:40
2 - 41% - 40% - 3:16
PP Defense
1 - 53% - 60% - 4:10
2 - 47% - 40% - 3:46
PK Forward
1 - 74% - 60% - 2:56
2 - 26% - 40% - 1:02
PK Defense
1 - 89% - 60% - 3:31
2 - 11% - 40% - 0:27
PK3 Forward
1 - 0% - 60%
2 - 0% - 40%
PK3 Defense
1 - 0% - 60%
2 - 0% - 40%
44 Forward
1 - 84% - 60% - 4:12
2 - 16% - 40% - 0:48
44 Defense
1 - 64% - 60% - 3:13
2 - 36% - 40% - 1:47
Last Minute Offensive - 0:00
Last Minute Defensive - 0:00
Total
Forward - 65:00
Defense - 65:00
|
% Time on Ice - Blue Jackets
Lines # - Real PCT - Wanted PCT - Time Play
Normal Forward
1 - 35% - 40% - 16:38
2 - 26% - 30% - 12:33
3 - 23% - 20% - 11:17
4 - 16% - 10% - 7:38
Normal Defense
1 - 40% - 40% - 19:09
2 - 33% - 30% - 16:00
3 - 25% - 20% - 12:02
4 - 2% - 10% - 0:55
PP Forward
1 - 58% - 60% - 2:17
2 - 42% - 40% - 1:41
PP Defense
1 - 71% - 60% - 2:49
2 - 29% - 40% - 1:09
PK Forward
1 - 81% - 60% - 6:26
2 - 19% - 40% - 1:30
PK Defense
1 - 51% - 60% - 4:04
2 - 49% - 40% - 3:52
PK3 Forward
1 - 0% - 60%
2 - 0% - 40%
PK3 Defense
1 - 0% - 60%
2 - 0% - 40%
44 Forward
1 - 81% - 60% - 4:02
2 - 19% - 40% - 0:58
44 Defense
1 - 62% - 60% - 3:05
2 - 38% - 40% - 1:55
Last Minute Offensive - 0:00
Last Minute Defensive - 0:00
Total
Forward - 65:00
Defense - 65:00
|
Play by Play
1st period
0:01 of 1st period - Pavel Bure wins face-off versus David Legwand in neutral zone.
1:12 of 1st period - Off-side.
1:13 of 1st period - Marty Reasoner wins face-off versus Greg Campbell in neutral zone.
1:42 of 1st period - Slapshot by Greg Campbell.
1:42 of 1st period - Stopped by Pascal Leclaire without a rebound.
1:43 of 1st period - David Legwand wins face-off versus Marc Savard in Stars zone.
1:56 of 1st period - Slapshot by Alexei Morozov.
1:56 of 1st period - Shot Misses the Net.
2:29 of 1st period - Ladislav Nagy is hit by Michael Rupp and loses puck.
3:23 of 1st period - Snap shot by Alexei Morozov.
3:23 of 1st period - Shot Blocked by Kevin Bieksa.
4:05 of 1st period - Cory Stillman is hit by Andrew Ebbett and loses puck.
4:27 of 1st period - Off-side.
4:28 of 1st period - Ales Kotalik wins face-off versus Antoine Vermette in neutral zone.
5:38 of 1st period - Wrist shot by Michael Frolik.
5:38 of 1st period - Shot Blocked by Brendan Bell.
5:42 of 1st period - Snap shot by Michael Frolik.
5:42 of 1st period - Stopped by Pascal Leclaire with a rebound.
6:02 of 1st period - Snap shot by Antoine Vermette.
6:02 of 1st period - Shot Blocked by Jan Bulis.
6:04 of 1st period - Wrist shot by Brendan Bell.
6:04 of 1st period - Stopped by Miika Kiprusoff with a rebound.
6:06 of 1st period - Wrist shot by Antoine Vermette.
6:06 of 1st period - Stopped by Miika Kiprusoff with a rebound.
7:08 of 1st period - Snap shot by Antoine Vermette.
7:08 of 1st period - Shot Misses the Net.
7:18 of 1st period - Marty Reasoner is hit by Branislav Mezei.
7:24 of 1st period - Backhand shot by Marc Savard.
7:24 of 1st period - Stopped by Pascal Leclaire with a rebound.
7:40 of 1st period - David Legwand is hit by Ales Kotalik and loses puck.
8:17 of 1st period - Snap shot by Ladislav Nagy.
8:17 of 1st period - Shot Misses the Net.
8:27 of 1st period - A.J Thelen is hit by Marty Reasoner and loses puck.
8:34 of 1st period - Snap shot by Greg Campbell.
8:34 of 1st period - Shot Misses the Net.
8:48 of 1st period - David Legwand is hit by Branislav Mezei and loses puck.
9:07 of 1st period - Antoine Vermette is hit by Ladislav Nagy and loses puck.
9:34 of 1st period - Snap shot by Brian Gionta.
9:34 of 1st period - Stopped by Miika Kiprusoff with a rebound.
9:59 of 1st period - Matthew Spiller is hit by Marc Savard.
10:56 of 1st period - Snap shot by Ales Kotalik.
10:56 of 1st period - Stopped by Pascal Leclaire without a rebound.
10:57 of 1st period - Michael Rupp wins face-off versus Jan Bulis in Stars zone.
11:04 of 1st period - Snap shot by Ales Kotalik.
11:04 of 1st period - Stopped by Pascal Leclaire without a rebound.
11:05 of 1st period - Pavel Bure wins face-off versus David Legwand in Stars zone.
11:40 of 1st period - Wrist shot by Ales Kotalik.
11:40 of 1st period - Shot Misses the Net.
13:28 of 1st period - Ladislav Nagy is hit by Brendan Bell and loses puck.
14:09 of 1st period - Wrist shot by Ales Kotalik.
14:09 of 1st period - Stopped by Pascal Leclaire with a rebound.
14:27 of 1st period - Slapshot by Milan Michalek.
14:27 of 1st period - Shot Misses the Net.
14:41 of 1st period - Michael Rupp is hit by David Booth and loses puck.
14:51 of 1st period - Off-side.
14:52 of 1st period - David Legwand wins face-off versus Jan Bulis in neutral zone.
14:59 of 1st period - Wrist shot by David Legwand.
14:59 of 1st period - Shot Misses the Net.
15:01 of 1st period - Snap shot by David Legwand.
15:01 of 1st period - Deflect By Marcus Nilson.
15:01 of 1st period - Stopped by Miika Kiprusoff without a rebound.
15:02 of 1st period - Marc Savard wins face-off versus David Legwand in Blue Jackets zone.
15:02 of 1st period - Marc Savard is hit by Patrik Elias.
15:03 of 1st period - Minor Penalty to Matthew Spiller for Hooking.
15:04 of 1st period - Marty Reasoner wins face-off versus Marc Savard in Stars zone.
17:03 of 1st period - Penalty to Matthew Spiller is over, Matthew Spiller is back on ice.
17:17 of 1st period - Brad Stuart is hit by Patrik Elias and loses puck.
17:54 of 1st period - Ales Kotalik is hit by Michael Rupp and loses puck.
18:23 of 1st period - David Booth is hit by Jan Hlavac and loses puck.
18:40 of 1st period - Kevin Bieksa is hit by Brendan Bell and loses puck.
19:00 of 1st period - Minor Penalty to Brian Pothier for Holding.
19:01 of 1st period - Marty Reasoner wins face-off versus Jan Bulis in Stars zone.
19:16 of 1st period - Slapshot by Marcus Nilson.
19:16 of 1st period - Shot Blocked by Pavel Kubina.
19:38 of 1st period - Slapshot by Scott Walker.
19:38 of 1st period - Deflect By Michael Rupp.
19:38 of 1st period - Shot Misses the Net.
19:38 of 1st period - Puck is out of play.
19:39 of 1st period - Michael Rupp wins face-off versus Marc Savard in Blue Jackets zone.
19:42 of 1st period - Slapshot by Michael Rupp.
19:42 of 1st period - Goal by Michael Rupp - Stars : 1 - Blue Jackets : 0.
19:43 of 1st period - David Booth wins face-off versus Marty Reasoner in neutral zone.
2nd period
0:01 of 2nd period - David Booth wins face-off versus Marty Reasoner in neutral zone.
0:16 of 2nd period - Snap shot by David Booth.
0:16 of 2nd period - Stopped by Pascal Leclaire with a rebound.
0:34 of 2nd period - Slapshot by Branislav Mezei.
0:34 of 2nd period - Shot Blocked by Pavel Kubina.
0:36 of 2nd period - Wrist shot by Ales Kotalik.
0:36 of 2nd period - Stopped by Pascal Leclaire with a rebound.
0:54 of 2nd period - Snap shot by Pavel Kubina.
0:54 of 2nd period - Shot Blocked by Marcus Nilson.
1:00 of 2nd period - Penalty to Brian Pothier is over, Brian Pothier is back on ice.
1:25 of 2nd period - Slapshot by Michael Frolik.
1:25 of 2nd period - Shot Blocked by Matthew Spiller.
1:55 of 2nd period - Brian Pothier is hit by Jan Bulis and loses puck.
2:08 of 2nd period - Marc Savard is hit by Francis Bouillon and loses puck.
2:15 of 2nd period - Wrist shot by David Booth.
2:15 of 2nd period - Stopped by Pascal Leclaire without a rebound.
2:16 of 2nd period - Antoine Vermette wins face-off versus Andrew Ebbett in Stars zone.
2:21 of 2nd period - Branislav Mezei is hit by Brendan Bell and loses puck.
2:30 of 2nd period - Wrist shot by Antoine Vermette.
2:30 of 2nd period - Stopped by Miika Kiprusoff with a rebound.
3:33 of 2nd period - Slapshot by Marty Reasoner.
3:33 of 2nd period - Shot Misses the Net.
4:03 of 2nd period - Snap shot by David Legwand.
4:03 of 2nd period - Shot Misses the Net.
4:33 of 2nd period - Snap shot by Marcus Nilson.
4:33 of 2nd period - Shot Misses the Net.
4:49 of 2nd period - Snap shot by Jan Hlavac.
4:49 of 2nd period - Shot Misses the Net.
5:04 of 2nd period - Minor Penalty to Greg Campbell for Hooking.
5:05 of 2nd period - David Legwand wins face-off versus Marc Savard in Blue Jackets zone.
6:43 of 2nd period - Icing by Shane Doan.
6:44 of 2nd period - Antoine Vermette wins face-off versus Andrew Ebbett in Stars zone.
7:04 of 2nd period - Penalty to Greg Campbell is over, Greg Campbell is back on ice.
7:11 of 2nd period - Snap shot by Jan Hlavac.
7:11 of 2nd period - Stopped by Miika Kiprusoff with a rebound.
7:13 of 2nd period - Snap shot by Marty Reasoner.
7:13 of 2nd period - Stopped by Miika Kiprusoff with a rebound.
7:15 of 2nd period - Slapshot by Brian Pothier.
7:15 of 2nd period - Deflect By Marc Savard.
7:15 of 2nd period - Stopped by Miika Kiprusoff without a rebound.
7:16 of 2nd period - Jan Bulis wins face-off versus Marty Reasoner in Blue Jackets zone.
7:28 of 2nd period - Slapshot by Jan Hlavac.
7:28 of 2nd period - Stopped by Miika Kiprusoff without a rebound.
7:29 of 2nd period - David Legwand wins face-off versus Ales Kotalik in Blue Jackets zone.
8:19 of 2nd period - Wrist shot by Greg Campbell.
8:19 of 2nd period - Deflect By Shane Doan.
8:19 of 2nd period - Stopped by Pascal Leclaire with a rebound.
9:11 of 2nd period - Wrist shot by Marc Savard.
9:11 of 2nd period - Stopped by Pascal Leclaire without a rebound.
9:12 of 2nd period - David Legwand wins face-off versus Marc Savard in Stars zone.
9:12 of 2nd period - Minor Penalty to Pavel Bure for Hooking.
9:13 of 2nd period - David Legwand wins face-off versus Marc Savard in Blue Jackets zone.
9:18 of 2nd period - Snap shot by David Legwand.
9:18 of 2nd period - Shot Misses the Net.
9:20 of 2nd period - Slapshot by Brendan Bell.
9:20 of 2nd period - Stopped by Miika Kiprusoff with a rebound.
9:22 of 2nd period - Wrist shot by Brendan Bell.
9:22 of 2nd period - Shot Blocked by Jason Ward.
9:42 of 2nd period - Icing by Brendan Bell.
9:43 of 2nd period - Marc Savard wins face-off versus David Legwand in Stars zone.
11:07 of 2nd period - Pavel Kubina is hit by Andrew Ebbett and loses puck.
11:12 of 2nd period - Penalty to Pavel Bure is over, Pavel Bure is back on ice.
11:45 of 2nd period - Wrist shot by Ladislav Nagy.
11:45 of 2nd period - Shot Blocked by Brendan Bell.
11:47 of 2nd period - Slapshot by Branislav Mezei.
11:47 of 2nd period - Deflect By Marcus Nilson.
11:47 of 2nd period - Shot Blocked by Brendan Bell.
11:47 of 2nd period - Puck is out of play.
11:48 of 2nd period - Michael Rupp wins face-off versus Jan Bulis in Stars zone.
11:54 of 2nd period - Off-side.
11:55 of 2nd period - Michael Rupp wins face-off versus Marc Savard in neutral zone.
12:48 of 2nd period - Snap shot by Greg Campbell.
12:48 of 2nd period - Shot Blocked by Brian Pothier.
13:03 of 2nd period - Icing by Michael Frolik.
13:04 of 2nd period - Jan Hlavac wins face-off versus Marc Savard in Blue Jackets zone.
13:07 of 2nd period - Snap shot by Jan Hlavac.
13:07 of 2nd period - Shot Blocked by David Booth.
13:17 of 2nd period - Jan Hlavac is hit by David Booth and loses puck.
13:50 of 2nd period - Wrist shot by Marc Savard.
13:50 of 2nd period - Shot Misses the Net.
13:56 of 2nd period - Snap shot by David Booth.
13:56 of 2nd period - Shot Misses the Net.
14:04 of 2nd period - Slapshot by David Booth.
14:04 of 2nd period - Shot Blocked by Brendan Bell.
14:12 of 2nd period - Slapshot by Marty Reasoner.
14:12 of 2nd period - Shot Blocked by David Booth.
14:14 of 2nd period - Snap shot by Brendan Bell.
14:14 of 2nd period - Stopped by Miika Kiprusoff without a rebound.
14:15 of 2nd period - David Legwand wins face-off versus Jan Bulis in Blue Jackets zone.
14:24 of 2nd period - Wrist shot by David Legwand.
14:24 of 2nd period - Stopped by Miika Kiprusoff with a rebound.
14:26 of 2nd period - Slapshot by Pavel Kubina.
14:26 of 2nd period - Stopped by Miika Kiprusoff without a rebound.
14:27 of 2nd period - David Legwand wins face-off versus Jan Bulis in Blue Jackets zone.
14:30 of 2nd period - Snap shot by David Legwand.
14:30 of 2nd period - Stopped by Miika Kiprusoff with a rebound.
14:38 of 2nd period - Snap shot by Jan Bulis.
14:38 of 2nd period - Shot Misses the Net.
15:20 of 2nd period - Snap shot by Greg Campbell.
15:20 of 2nd period - Shot Misses the Net.
15:46 of 2nd period - Wrist shot by Jan Bulis.
15:46 of 2nd period - Shot Misses the Net.
15:48 of 2nd period - Slapshot by A.J Thelen.
15:48 of 2nd period - Stopped by Pascal Leclaire with a rebound.
16:22 of 2nd period - Snap shot by Marty Reasoner.
16:22 of 2nd period - Shot Misses the Net.
16:34 of 2nd period - Derek Morris is hit by Michael Rupp and loses puck.
16:41 of 2nd period - Snap shot by Michael Rupp.
16:41 of 2nd period - Stopped by Miika Kiprusoff with a rebound.
16:43 of 2nd period - Snap shot by Cory Stillman.
16:43 of 2nd period - Shot Blocked by Kevin Bieksa.
16:45 of 2nd period - Slapshot by Randy Jones.
16:45 of 2nd period - Shot Misses the Net.
17:03 of 2nd period - Snap shot by Ales Kotalik.
17:03 of 2nd period - Stopped by Pascal Leclaire without a rebound.
17:04 of 2nd period - Antoine Vermette wins face-off versus Marc Savard in Stars zone.
17:04 of 2nd period - Antoine Vermette is hit by Marc Savard.
17:18 of 2nd period - Wrist shot by Wade Redden.
17:18 of 2nd period - Shot Blocked by Antoine Vermette.
17:20 of 2nd period - Slapshot by Pavel Bure.
17:20 of 2nd period - Shot Misses the Net.
17:35 of 2nd period - Francis Bouillon is hit by Jan Bulis and loses puck.
17:40 of 2nd period - Wrist shot by Marcus Nilson.
17:40 of 2nd period - Shot Blocked by Brian Pothier.
17:49 of 2nd period - Off-side.
17:50 of 2nd period - Michael Rupp wins face-off versus Andrew Ebbett in neutral zone.
18:05 of 2nd period - Snap shot by Brian Gionta.
18:05 of 2nd period - Shot Misses the Net.
18:26 of 2nd period - Icing by David Legwand.
18:27 of 2nd period - Marcus Nilson wins face-off versus David Legwand in Stars zone.
18:27 of 2nd period - Marcus Nilson is hit by Matthew Spiller.
18:43 of 2nd period - Wrist shot by David Legwand.
18:43 of 2nd period - Deflect By Alexei Morozov.
18:43 of 2nd period - Shot Misses the Net.
18:43 of 2nd period - Puck is out of play.
18:44 of 2nd period - Marc Savard wins face-off versus Antoine Vermette in Blue Jackets zone.
18:51 of 2nd period - Snap shot by Marc Savard.
18:51 of 2nd period - Deflect By David Booth.
18:51 of 2nd period - Stopped by Pascal Leclaire without a rebound.
18:52 of 2nd period - Pavel Bure wins face-off versus Antoine Vermette in Stars zone.
19:03 of 2nd period - Snap shot by David Booth.
19:03 of 2nd period - Shot Misses the Net.
19:05 of 2nd period - Snap shot by Pavel Bure.
19:05 of 2nd period - Stopped by Pascal Leclaire with a rebound.
19:07 of 2nd period - Slapshot by Wade Redden.
19:07 of 2nd period - Stopped by Pascal Leclaire without a rebound.
19:08 of 2nd period - Jan Bulis wins face-off versus David Legwand in Stars zone.
19:33 of 2nd period - Milan Michalek is hit by Marc Savard and loses puck.
19:49 of 2nd period - Off-side.
19:50 of 2nd period - Andrew Ebbett wins face-off versus Michael Rupp in neutral zone.
3rd period
0:01 of 3rd period - Marc Savard wins face-off versus David Legwand in neutral zone.
0:04 of 3rd period - Minor Penalty to Branislav Mezei for Interference.
0:05 of 3rd period - David Legwand wins face-off versus Marc Savard in Blue Jackets zone.
0:12 of 3rd period - Snap shot by David Legwand.
0:12 of 3rd period - Stopped by Miika Kiprusoff without a rebound.
0:13 of 3rd period - Pavel Bure wins face-off versus David Legwand in Blue Jackets zone.
0:38 of 3rd period - Slapshot by David Legwand.
0:38 of 3rd period - Shot Blocked by David Booth.
0:44 of 3rd period - Snap shot by David Legwand.
0:44 of 3rd period - Shot Misses the Net.
0:46 of 3rd period - Wrist shot by Alexei Morozov.
0:46 of 3rd period - Shot Blocked by A.J Thelen.
0:48 of 3rd period - Slapshot by Matthew Spiller.
0:48 of 3rd period - Deflect By Alexei Morozov.
0:48 of 3rd period - Shot Misses the Net.
0:48 of 3rd period - Puck is out of play.
0:49 of 3rd period - Antoine Vermette wins face-off versus Marc Savard in Blue Jackets zone.
0:54 of 3rd period - Slapshot by Shane Doan.
0:54 of 3rd period - Stopped by Miika Kiprusoff without a rebound.
0:55 of 3rd period - Antoine Vermette wins face-off versus Marc Savard in Blue Jackets zone.
1:08 of 3rd period - Snap shot by Shane Doan.
1:08 of 3rd period - Shot Misses the Net.
1:10 of 3rd period - Snap shot by Antoine Vermette.
1:10 of 3rd period - Shot Misses the Net.
1:22 of 3rd period - Snap shot by David Legwand.
1:22 of 3rd period - Shot Misses the Net.
1:24 of 3rd period - Snap shot by David Legwand.
1:24 of 3rd period - Shot Blocked by Kevin Bieksa.
1:26 of 3rd period - Slapshot by David Legwand.
1:26 of 3rd period - Stopped by Miika Kiprusoff with a rebound.
1:28 of 3rd period - Snap shot by Alexei Morozov.
1:28 of 3rd period - Shot Misses the Net.
1:40 of 3rd period - Wrist shot by Marc Savard.
1:40 of 3rd period - Stopped by Pascal Leclaire with a rebound.
1:46 of 3rd period - Patrik Elias is hit by Derek Morris.
1:52 of 3rd period - Jan Bulis is hit by Pavel Kubina and loses puck.
2:04 of 3rd period - Penalty to Branislav Mezei is over, Branislav Mezei is back on ice.
2:22 of 3rd period - Snap shot by Ladislav Nagy.
2:22 of 3rd period - Stopped by Pascal Leclaire without a rebound.
2:23 of 3rd period - Jan Bulis wins face-off versus Michael Rupp in Stars zone.
2:34 of 3rd period - Slapshot by Pavel Kubina.
2:34 of 3rd period - Shot Blocked by Branislav Mezei.
3:47 of 3rd period - Wrist shot by Marcus Nilson.
3:47 of 3rd period - Stopped by Pascal Leclaire without a rebound.
3:48 of 3rd period - Michael Rupp wins face-off versus Andrew Ebbett in Stars zone.
3:56 of 3rd period - Icing by Andrew Ebbett.
3:57 of 3rd period - Andrew Ebbett wins face-off versus David Legwand in Blue Jackets zone.
4:04 of 3rd period - Slapshot by Ladislav Nagy.
4:04 of 3rd period - Shot Misses the Net.
4:08 of 3rd period - Wrist shot by Jason Ward.
4:08 of 3rd period - Shot Misses the Net.
4:10 of 3rd period - Wrist shot by Ladislav Nagy.
4:10 of 3rd period - Shot Misses the Net.
4:12 of 3rd period - Slapshot by Branislav Mezei.
4:12 of 3rd period - Stopped by Pascal Leclaire with a rebound.
4:14 of 3rd period - Wrist shot by Andrew Ebbett.
4:14 of 3rd period - Stopped by Pascal Leclaire without a rebound.
4:15 of 3rd period - Marc Savard wins face-off versus Milan Michalek in Stars zone.
4:16 of 3rd period - Snap shot by David Booth.
4:16 of 3rd period - Shot Misses the Net.
4:22 of 3rd period - Wade Redden is hit by Shane Doan.
4:28 of 3rd period - Snap shot by Milan Michalek.
4:28 of 3rd period - Stopped by Miika Kiprusoff without a rebound.
4:29 of 3rd period - David Legwand wins face-off versus Marc Savard in Blue Jackets zone.
4:30 of 3rd period - Snap shot by Alexei Morozov.
4:30 of 3rd period - Stopped by Miika Kiprusoff without a rebound.
4:31 of 3rd period - David Legwand wins face-off versus Marc Savard in Blue Jackets zone.
4:32 of 3rd period - Snap shot by Alexei Morozov.
4:32 of 3rd period - Deflect By David Legwand.
4:32 of 3rd period - Stopped by Miika Kiprusoff with a rebound.
4:34 of 3rd period - Wrist shot by Alexei Morozov.
4:34 of 3rd period - Stopped by Miika Kiprusoff with a rebound.
4:36 of 3rd period - Wrist shot by David Legwand.
4:36 of 3rd period - Stopped by Miika Kiprusoff without a rebound.
4:37 of 3rd period - David Legwand wins face-off versus Marc Savard in Blue Jackets zone.
4:57 of 3rd period - Slapshot by Patrik Elias.
4:57 of 3rd period - Shot Blocked by Branislav Mezei.
4:59 of 3rd period - Snap shot by David Legwand.
4:59 of 3rd period - Shot Blocked by Marc Savard.
5:01 of 3rd period - Backhand shot by Matthew Spiller.
5:01 of 3rd period - Shot Misses the Net.
6:00 of 3rd period - Slapshot by David Legwand.
6:00 of 3rd period - Stopped by Miika Kiprusoff with a rebound.
6:02 of 3rd period - Snap shot by Alexei Morozov.
6:02 of 3rd period - Shot Misses the Net.
6:04 of 3rd period - Snap shot by Alexei Morozov.
6:04 of 3rd period - Shot Misses the Net.
6:10 of 3rd period - Wrist shot by Alexei Morozov.
6:10 of 3rd period - Stopped by Miika Kiprusoff with a rebound.
6:12 of 3rd period - Slapshot by Pavel Kubina.
6:12 of 3rd period - Stopped by Miika Kiprusoff with a rebound.
6:14 of 3rd period - Snap shot by Alexei Morozov.
6:14 of 3rd period - Deflect By David Legwand.
6:14 of 3rd period - Stopped by Miika Kiprusoff without a rebound.
6:15 of 3rd period - Jan Bulis wins face-off versus Antoine Vermette in Blue Jackets zone.
6:30 of 3rd period - Snap shot by Milan Michalek.
6:30 of 3rd period - Shot Misses the Net.
7:12 of 3rd period - Snap shot by Michael Frolik.
7:12 of 3rd period - Shot Misses the Net.
8:01 of 3rd period - Icing by Brad Stuart.
8:02 of 3rd period - Marty Reasoner wins face-off versus Jason Ward in Blue Jackets zone.
8:29 of 3rd period - Off-side.
8:30 of 3rd period - Greg Campbell wins face-off versus Antoine Vermette in neutral zone.
8:33 of 3rd period - Slapshot by Wade Redden.
8:33 of 3rd period - Stopped by Pascal Leclaire with a rebound.
8:37 of 3rd period - Wrist shot by Ben Guite.
8:37 of 3rd period - Shot Blocked by Shane Doan.
8:39 of 3rd period - Snap shot by Greg Campbell.
8:39 of 3rd period - Shot Misses the Net.
8:41 of 3rd period - Snap shot by Ben Guite.
8:41 of 3rd period - Stopped by Pascal Leclaire with a rebound.
8:45 of 3rd period - Slapshot by Michael Frolik.
8:45 of 3rd period - Shot Misses the Net.
8:55 of 3rd period - Pavel Bure is hit by Alexei Morozov and loses puck.
9:39 of 3rd period - Slapshot by Jason Ward.
9:39 of 3rd period - Goal by Jason Ward - Stars : 1 - Blue Jackets : 1.
9:40 of 3rd period - Marc Savard wins face-off versus David Legwand in neutral zone.
9:49 of 3rd period - Snap shot by David Legwand.
9:49 of 3rd period - Stopped by Miika Kiprusoff with a rebound.
9:51 of 3rd period - Snap shot by Patrik Elias.
9:51 of 3rd period - Shot Misses the Net.
10:10 of 3rd period - Marcus Nilson is hit by Antoine Vermette.
10:28 of 3rd period - Slapshot by Wade Redden.
10:28 of 3rd period - Stopped by Pascal Leclaire with a rebound.
10:52 of 3rd period - Snap shot by Patrik Elias.
10:52 of 3rd period - Shot Misses the Net.
10:54 of 3rd period - Slapshot by Brian Pothier.
10:54 of 3rd period - Deflect By Patrik Elias.
10:54 of 3rd period - Shot Misses the Net.
10:54 of 3rd period - Puck is out of play.
10:55 of 3rd period - Marc Savard wins face-off versus Milan Michalek in Blue Jackets zone.
10:55 of 3rd period - Marc Savard is hit by Shane Doan.
11:03 of 3rd period - Wrist shot by Marc Savard.
11:03 of 3rd period - Shot Blocked by Antoine Vermette.
11:06 of 3rd period - Icing by Pavel Kubina.
11:07 of 3rd period - Antoine Vermette wins face-off versus Marc Savard in Stars zone.
11:16 of 3rd period - Wrist shot by Antoine Vermette.
11:16 of 3rd period - Deflect By Shane Doan.
11:16 of 3rd period - Stopped by Miika Kiprusoff with a rebound.
11:18 of 3rd period - Slapshot by Pavel Kubina.
11:18 of 3rd period - Stopped by Miika Kiprusoff without a rebound.
11:19 of 3rd period - Marc Savard wins face-off versus Patrik Elias in Blue Jackets zone.
11:28 of 3rd period - Snap shot by David Legwand.
11:28 of 3rd period - Shot Blocked by Derek Morris.
12:53 of 3rd period - Shane Doan is hit by Ben Guite and loses puck.
13:41 of 3rd period - David Legwand is hit by Wade Redden and loses puck.
14:47 of 3rd period - Snap shot by Jan Bulis.
14:47 of 3rd period - Stopped by Pascal Leclaire without a rebound.
14:48 of 3rd period - Marc Savard wins face-off versus David Legwand in Stars zone.
14:53 of 3rd period - Snap shot by Pavel Bure.
14:53 of 3rd period - Shot Blocked by Patrik Elias.
14:55 of 3rd period - Wrist shot by Pavel Bure.
14:55 of 3rd period - Stopped by Pascal Leclaire with a rebound.
14:57 of 3rd period - Slapshot by Pavel Bure.
14:57 of 3rd period - Shot Misses the Net.
16:03 of 3rd period - Snap shot by Marc Savard.
16:03 of 3rd period - Deflect By Shane Doan.
16:03 of 3rd period - Stopped by Pascal Leclaire without a rebound.
16:04 of 3rd period - Pavel Bure wins face-off versus David Legwand in Stars zone.
16:35 of 3rd period - Slapshot by Pavel Kubina.
16:35 of 3rd period - Deflect By Alexei Morozov.
16:35 of 3rd period - Shot Misses the Net.
16:35 of 3rd period - Puck is out of play.
16:36 of 3rd period - Michael Rupp wins face-off versus Jan Bulis in Blue Jackets zone.
16:43 of 3rd period - Wrist shot by Michael Rupp.
16:43 of 3rd period - Stopped by Miika Kiprusoff without a rebound.
16:44 of 3rd period - Marc Savard wins face-off versus Michael Rupp in Blue Jackets zone.
17:00 of 3rd period - Minor Penalty to Wade Redden for Roughing.
17:01 of 3rd period - Marc Savard wins face-off versus David Legwand in Blue Jackets zone.
17:30 of 3rd period - Snap shot by Antoine Vermette.
17:30 of 3rd period - Shot Misses the Net.
17:32 of 3rd period - Snap shot by Matthew Spiller.
17:32 of 3rd period - Deflect By Patrik Elias.
17:32 of 3rd period - Stopped by Miika Kiprusoff without a rebound.
17:33 of 3rd period - Jan Bulis wins face-off versus David Legwand in Blue Jackets zone.
17:38 of 3rd period - Slapshot by Branislav Mezei.
17:38 of 3rd period - Shot Hit the Post.
18:04 of 3rd period - Slapshot by Antoine Vermette.
18:04 of 3rd period - Stopped by Miika Kiprusoff without a rebound.
18:05 of 3rd period - David Legwand wins face-off versus Marc Savard in Blue Jackets zone.
19:00 of 3rd period - Penalty to Wade Redden is over, Wade Redden is back on ice.
19:00 of 3rd period - Cory Stillman is hit by David Booth and loses puck.
19:13 of 3rd period - Alexei Morozov is hit by Andrew Ebbett and loses puck.
Overtime #1
0:01 of 1st overtime period - Marc Savard wins face-off versus David Legwand in neutral zone.
0:11 of 1st overtime period - Slapshot by Pavel Kubina.
0:11 of 1st overtime period - Shot Blocked by Wade Redden.
1:31 of 1st overtime period - Andrew Ebbett is hit by Antoine Vermette and loses puck.
1:32 of 1st overtime period - Andrew Ebbett from Blue Jackets is injured at 1:32 of 1st overtime period (Back Spasms).
1:33 of 1st overtime period - Marc Savard wins face-off versus David Legwand in Blue Jackets zone.
2:12 of 1st overtime period - Slapshot by Jan Bulis.
2:12 of 1st overtime period - Stopped by Pascal Leclaire without a rebound.
2:13 of 1st overtime period - Shane Doan wins face-off versus Jan Bulis in Stars zone.
2:38 of 1st overtime period - Francis Bouillon is hit by Branislav Mezei and loses puck.
3:15 of 1st overtime period - Slapshot by Ladislav Nagy.
3:15 of 1st overtime period - Shot Blocked by Matthew Spiller.
3:21 of 1st overtime period - Kevin Bieksa is hit by Matthew Spiller and loses puck.
3:51 of 1st overtime period - Slapshot by Wade Redden.
3:51 of 1st overtime period - Deflect By Jason Ward.
3:51 of 1st overtime period - Shot Misses the Net.
3:51 of 1st overtime period - Puck is out of play.
3:52 of 1st overtime period - Marc Savard wins face-off versus David Legwand in Stars zone.
4:06 of 1st overtime period - Off-side.
4:07 of 1st overtime period - Marc Savard wins face-off versus David Legwand in neutral zone.
4:10 of 1st overtime period - Snap shot by Wade Redden.
4:10 of 1st overtime period - Shot Blocked by Alexei Morozov.
4:19 of 1st overtime period - Icing by Pavel Bure.
4:20 of 1st overtime period - David Legwand wins face-off versus Marc Savard in Blue Jackets zone.
4:29 of 1st overtime period - Slapshot by Branislav Mezei.
4:29 of 1st overtime period - Shot Blocked by David Legwand.
ShootOut
5:00 of 1st overtime period - Penalty Shot by Alexei Morozov for Stars.
5:00 of 1st overtime period - Snap shot by Alexei Morozov.
5:00 of 1st overtime period - Stopped by Miika Kiprusoff.
5:00 of 1st overtime period - Penalty Shot by Marc Savard for Blue Jackets.
5:00 of 1st overtime period - Deke by Marc Savard.
5:00 of 1st overtime period - Stopped by Pascal Leclaire.
5:00 of 1st overtime period - Penalty Shot by Jan Hlavac for Stars.
5:00 of 1st overtime period - Backhand shot by Jan Hlavac.
5:00 of 1st overtime period - Goal by Jan Hlavac.
5:00 of 1st overtime period - Penalty Shot by Pavel Bure for Blue Jackets.
5:00 of 1st overtime period - Wrist shot by Pavel Bure.
5:00 of 1st overtime period - Stopped by Pascal Leclaire.
5:00 of 1st overtime period - Penalty Shot by Shane Doan for Stars.
5:00 of 1st overtime period - Wrist shot by Shane Doan.
5:00 of 1st overtime period - Stopped by Miika Kiprusoff.
5:00 of 1st overtime period - Penalty Shot by Jan Bulis for Blue Jackets.
5:00 of 1st overtime period - Snap shot by Jan Bulis.
5:00 of 1st overtime period - Goal by Jan Bulis.
5:00 of 1st overtime period - Penalty Shot by Cory Stillman for Stars.
5:00 of 1st overtime period - Snap shot by Cory Stillman.
5:00 of 1st overtime period - Goal by Cory Stillman.
5:00 of 1st overtime period - Penalty Shot by David Booth for Blue Jackets.
5:00 of 1st overtime period - Backhand shot by David Booth.
5:00 of 1st overtime period - Shot Misses the Net.
Output by the SimonT Hockey Simulator (STHS) for François Prévost -- Original Page W3C XHTML 1.0 Valid